 Dungeon Crawl Stone Soup version 0.30-a0-1160-g6e42c06551 (webtiles) character file.

Game seed: 2729398897356400306

22824 holysushi the Cleaver (level 12, -1/101 HPs)
             Began as an Armataur Monk on Apr 25, 2023.
             Was an Initiate of Gozag.
             Slain by a skyshark (4 damage)
             ... on level 3 of the Lair of Beasts.
             The game lasted 00:27:36 (16889 turns).

holysushi the Cleaver (Armataur Monk)              Turns: 16889, Time: 00:27:37

Health: -1/101     AC:  9    Str: 16    XL:     12   Next: 66%
Magic:  12/12      EV: 18    Int: 13    God:    Gozag
Gold:   1629       SH:  0    Dex: 16    Spells: 9/11 levels left

rFire   + . .        a - +8 battleaxe
rCold   + . .        (shield currently unavailable)
rNeg    . . .        E - +0 robe
rPois   .            i - +1 helmet
rElec   .            Q - scarf {rC+ rF+}
rCorr   .            s - +2 pair of gloves
SInv    .            (no barding)
Will    .....        x - amulet of the acrobat
Stlth   +++          h - +5 ring of evasion
HPRegen 0.36/turn    k - +4 ring of slaying
MPRegen 0.13/turn

%: acrobat, roll
@: no status effects
A: large, rugged brown scales 3, deformed body, armoured tail, roll, long
tongue, awkward tongue
a: Renounce Religion, Potion Petition, Call Merchant, Bribe Branch


You were on level 3 of the Lair of Beasts.
You worshipped Gozag.
Gozag was most pleased with you.
You visited 3 branches of the dungeon, and saw 14 of its levels.
You also visited: Ossuary.

You collected 2945 gold pieces.
You spent 1316 gold pieces at shops.

Inventory:

Hand Weapons
 a - a +8 battleaxe (weapon)
 b - the +9 arbalest "Lam Dat" {flame, rC+ Str-3 SInv}
   (You bought it in a shop on level 1 of the Dungeon)

   Str:       It affects your strength (-3).
   rC:        It protects you from cold.
   SInv:      It lets you see invisible.
 d - a +0 hand axe
 S - a +0 broad axe
Missiles
 C - 4 throwing nets (quivered)
Armour
 i - a +1 helmet (worn)
 r - a +0 cloak
 s - a +2 pair of gloves (worn)
 E - a +0 robe (worn)
 Q - a scarf of resistance (worn)
 T - a +0 buckler of positive energy
Jewellery
 h - a +5 ring of evasion (left hand)
 k - a +4 ring of slaying (right hand)
 n - a +4 ring of protection
 q - a ring of protection from fire
 t - a ring of see invisible
 v - an amulet of guardian spirit
 x - an amulet of the acrobat (around neck)
 y - a ring of protection from cold
 L - a ring of ice
Wands
 m - a wand of roots (16)
 u - a wand of light (13)
 D - a wand of mindburst (8)
 G - a wand of polymorph (13)
 K - a wand of flame (21)
Scrolls
 e - 4 scrolls of teleportation
 f - 2 scrolls of fog
 l - a scroll of blinking
 p - 2 scrolls of magic mapping
 A - 2 scrolls of vulnerability
 H - 5 scrolls of identify
 N - a scroll of poison
 O - a scroll of noise {unknown}
Potions
 c - 3 potions of ambrosia
 g - 4 potions of might
 j - 3 potions of cancellation
 o - 3 potions of berserk rage
 w - 5 potions of attraction
 z - 3 potions of lignification
 B - 4 potions of haste
 F - 2 potions of brilliance
 I - 2 potions of heal wounds
 J - 2 potions of curing
 M - 2 potions of invisibility
 P - a potion of flight {unknown}
 R - a potion of resistance {unknown}


   Skills:
 + Level 5.8 Fighting
 * Level 14.8 Axes
 + Level 0.7 Ranged Weapons
 + Level 7.7 Dodging
 + Level 6.0 Stealth
 - Level 2.0 Evocations


You had 9 spell levels left.
You knew the following spells:

 Your Spells              Type           Power      Damage    Failure   Level
a - Blink                 Tloc           0%         N/A       43%         2

Your spell library contained the following spells:

 Spells                   Type           Power      Damage    Failure   Level
 Beastly Appendage        Tmut           0%         N/A       30%         1
 Slow                     Hex            0%         N/A       30%         1
 Summon Small Mammal      Summ           0%         N/A       30%         1
 Cigotuvi's Dreadful Rot  Necr/Pois/Air  0%         N/A       43%         2
 Lesser Beckoning         Tloc           0%         N/A       43%         2
 Momentum Strike          Conj/Tloc      0%         3d8       43%         2
 Scorch                   Fire           0%         2d5       43%         2
 Wereblood                Tmut           0%         N/A       43%         2
 Call Canine Familiar     Summ           0%         N/A       67%         3
 Confusing Touch          Hex            0%         N/A       67%         3
 Ignite Poison            Fire/Tmut/Pois 0%         N/A       67%         3
 Ozocubu's Armour         Ice            0%         N/A       67%         3
 Portal Projectile        Hex/Tloc       0%         N/A       67%         3
 Spider Form              Tmut/Pois      0%         N/A       67%         3
 Summon Guardian Golem    Hex/Summ       0%         N/A       67%         3
 Tukima's Dance           Hex            0%         N/A       67%         3
 Vampiric Draining        Necr           0%         2d6       67%         3
 Vhi's Electric Charge    Tloc/Air       0%         N/A       67%         3
 Flame Wave               Conj/Fire      0%         2d4       97%         4
 Arcjolt                  Conj/Air       0%         1d10      100%        5
 Blade Hands              Tmut           0%         N/A       100%        5
 Freezing Cloud           Conj/Ice/Air   0%         6-21      100%        5
 Irradiate                Conj/Tmut      0%         3d11      100%        5
 Metabolic Englaciation   Hex/Ice        0%         N/A       100%        5
 Plasma Beam              Fire/Air       0%         2x1d11    100%        6
 Summon Cactus Giant      Summ           0%         N/A       100%        6
 Dragon Form              Tmut           0%         N/A       100%        7
 Simulacrum               Ice/Necr       Unusable   N/A       N/A         6

Dungeon Overview and Level Annotations

Branches:
Dungeon (10/15) Zot: 24761  Temple (1/1) D:6 Zot: 5949    Lair (3/5) D:8 Zot: 13863
 Shoals (0/4) Lair:2          Orc (0/2) D:10        Ossuary (visited)
  Snake: Lair:2-3    Spider: Lair:2-3

Altars:
Cheibriados
Dithmenos
Elyvilon
Gozag
Kikubaaqudgha
Qazlal
Ru
Sif Muna
Uskayaw
Wu Jian
Xom
Yredelemnul

Shops:
D:1 *   D:3 =   D:6 ?   D:8 (   D:9 ((!

Annotations:
D:9 2 transporters, 3 runed translucent doors, mandoloar's ghost, journeyman OpTm
D:10 exclusion: boulder beetle


Innate Abilities, Weirdness & Mutations

You are completely covered in rugged brown scales. (AC +3, +7% HP)
Armour fits poorly on your strangely shaped body.
You have a long armoured tail.
You roll when moving toward enemies. (Rampage)
Your long tongue fully drains potion bottles. (2x potion effects)
Your tongue gives you trouble enunciating. (1.5x scroll delay)


Message History

The skyshark bites you!
The skyshark tastes blood and grows stronger!
The skyshark tail-slaps you but does no damage.
The skyshark barely misses you.
The +9 arbalest "Lam Dat" {flame, rC+ Str-3 SInv} stops flaming.
a - a +8 battleaxe (weapon)
The skyshark closely misses you. The skyshark tail-slaps you.
The skyshark tail-slaps you!
You slash the skyshark!
The skyshark is severely wounded.
The skyshark bites you!
* * * LOW HITPOINT WARNING * * *
The skyshark enters a blood-rage!
The skyshark tail-slaps you.
* * * LOW HITPOINT WARNING * * *
The skyshark tail-slaps you but does no damage.
You closely miss the skyshark.
The skyshark is severely wounded.
The skyshark closely misses you. The skyshark barely misses you. x2
You slash the skyshark!
The skyshark is severely wounded.
The skyshark closely misses you. The skyshark misses you.
The skyshark tail-slaps you but does no damage.
The skyshark bites you but does no damage.
The skyshark completely misses you.
The skyshark tail-slaps you but does no damage.
You slash the skyshark!
The skyshark is severely wounded.
The skyshark barely misses you. The skyshark tail-slaps you.
* * * LOW HITPOINT WARNING * * *
The skyshark completely misses you.
You feel much better.
You slurp down every last drop of the potion of heal wounds!
The skyshark bites you!! The skyshark closely misses you.
The skyshark tail-slaps you.
* * * LOW HITPOINT WARNING * * *
The skyshark bites you!!
* * * LOW HITPOINT WARNING * * *
The skyshark tail-slaps you.
You die...
Your body crumbles into a pile of gold.

... #.P #.. #..
<. .##
###+.####
#.).....#
##.@...(#
#.l....#
..............#
....###......##
.# #......#
#.......#
.#.####.# #####
#.# ##


You could see a skyshark (berserk).

Vanquished Creatures
  A hydra (Lair:2)
  A two-headed ogre (D:10)
  Amaemon (D:8)
  Pikel (D:7)
  3 elephants (Lair:1)
  A black mamba (Lair:2)
  An ice statue (D:8)
  Joseph (D:8)
  An orange demon (D:8)
  3 komodo dragons
  An unseen horror (D:10)
  3 cane toads
  6 ice devils (D:8)
  A hornet (D:10)
  A polar bear (Lair:2)
  Prince Ribbit (D:8)
  A snapping turtle (Lair:2)
  3 shadows
  A wyvern (Lair:2)
  41 yaks
  Grum (Lair:1)
  A basilisk (Lair:1)
  Eustachio (D:4)
  3 vampire mosquitoes (D:8)
  A two-headed ogre zombie (D:10)
  3 water moccasins
  A black bear (D:5)
  5 orc warriors
  2 ice beasts
  An ogre (D:5)
  24 wolves
  3 centaurs
  2 phantoms (D:7)
  2 kobold brigands
  6 bullfrogs
  4 elf zombies (Ossuary)
  2 scorpions
  17 wights
  A troll zombie (D:10)
  9 killer bees
  4 electric eels
  A howler monkey (D:10)
  A human zombie (Ossuary)
  4 hounds
  2 orc priests
  An iron imp (D:8)
  A jelly (D:5)
  2 gnoll boudas
  2 sleepcaps
  3 iguanas
  5 orc wizards
  6 ogre zombies (D:10)
  2 mummies (Ossuary)
  20 gnolls
  10 adders
  2 white imps (D:7)
  7 ufetubi
  3 dart slugs
  24 orcs
  5 bats
  An endoplasm (D:1)
  A giant cockroach (D:4)
  5 goblins
  6 hobgoblins
  10 jackals
  5 quokkas
  5 ball pythons
  5 frilled lizards
  2 goblin skeletons (D:10)
  6 goblin zombies
  3 hobgoblin skeletons (D:10)
  13 hobgoblin zombies
  2 jackal zombies (Ossuary)
  10 kobolds
  4 kobold zombies (Ossuary)
  27 orc zombies
  9 rats
381 creatures vanquished.

Vanquished Creatures (others)
  An orc priest (D:10)
  17 fungi
  10 plants (Lair:2)
28 creatures vanquished.

Grand Total: 409 creatures vanquished

Notes
Turn   | Place    | Note
-------+----------+-------------------------------------------
     0 | D:1      | holysushi the Armataur Monk began the quest for the Orb.
     0 | D:1      | Reached XP level 1. HP: 19/19 MP: 1/1
    13 | D:1      | Found Vapso's Assorted Antiques.
    98 | D:1      | Reached XP level 2. HP: 26/26 MP: 2/2
   107 | D:1      | Reached skill level 3 in Axes
   460 | D:1      | Reached XP level 3. HP: 32/32 MP: 3/3
  1415 | D:3      | Reached XP level 4. HP: 39/39 MP: 4/4
  1579 | D:3      | Found Pivve's Jewellery Boutique.
  2109 | D:4      | Reached skill level 4 in Axes
  2217 | D:4      | Found a shimmering blue altar of Sif Muna.
  2218 | D:4      | Noticed Eustachio
  2238 | D:4      | Killed Eustachio
  2239 | D:4      | Reached XP level 5. HP: 37/44 MP: 5/5
  2431 | D:4      | Reached XP level 6. HP: 47/53 MP: 6/6
  2454 | D:4      | Found an ancient bone altar of Kikubaaqudgha.
  2775 | D:5      | Entered Level 5 of the Dungeon
  2982 | D:5      | Reached skill level 5 in Axes
  3132 | D:5      | Noticed an ice beast
  3162 | D:5      | Killed an ice beast
  3163 | D:5      | Reached XP level 7. HP: 22/59 MP: 7/7
  3420 | D:5      | Reached skill level 6 in Axes
  3420 | D:5      | Reached skill level 1 in Evocations
  3471 | D:5      | Found a white marble altar of Elyvilon.
  3970 | D:6      | Found a staircase to the Ecumenical Temple.
  3995 | Temple   | Entered the Ecumenical Temple
  4032 | Temple   | Became a worshipper of Gozag Ym Sagoz the Greedy
  4061 | D:6      | Found Joc Erph's Magic Scroll Shoppe.
  4067 | D:6      | Bought a scroll of magic mapping for 112 gold pieces
  4086 | D:6      | Found a sand-covered staircase.
  4091 | Ossuary  | Entered an ossuary
  4287 | Ossuary  | Reached skill level 1 in Stealth
  4287 | Ossuary  | Reached XP level 8. HP: 66/67 MP: 8/8
  4416 | D:6      | Reached skill level 7 in Axes
  5362 | D:6      | Reached skill level 8 in Axes
  5480 | D:6      | Found a basalt altar of Yredelemnul.
  5481 | D:6      | Found a stormy altar of Qazlal.
  5481 | D:6      | Found a shimmering altar of Xom.
  5754 | D:1      | Bought an ichor-stained arbalest for 256 gold pieces
  5754 | D:1      | Identified the +9 arbalest "Lam Dat" {flame, rC+ Str-3
                  | SInv} (You bought it in a shop on level 1 of the Dungeon)
  6104 | D:7      | Noticed Pikel
  6119 | D:7      | Killed Pikel
  6120 | D:7      | Reached skill level 9 in Axes
  6120 | D:7      | Reached XP level 9. HP: 74/74 MP: 9/9
  6465 | D:7      | Reached skill level 10 in Axes
  7239 | D:6      | Bought a scroll of enchant weapon for 112 gold pieces
  7239 | D:6      | Bought a scroll of enchant weapon for 112 gold pieces
  7239 | D:6      | Bought a scroll of identify for 30 gold pieces
  7239 | D:6      | Bought a scroll of identify for 30 gold pieces
  7239 | D:6      | Bought a scroll of teleportation for 45 gold pieces
  7239 | D:6      | Bought a scroll of teleportation for 45 gold pieces
  7785 | D:8      | Noticed Prince Ribbit
  7800 | D:8      | Reached skill level 11 in Axes
  7989 | D:8      | Killed Prince Ribbit
  8038 | D:8      | Noticed an ice devil
  8038 | D:8      | Noticed an ice devil
  8040 | D:8      | Noticed an ice devil
  8044 | D:8      | Noticed an ice devil
  8045 | D:8      | Noticed an ice devil
  8045 | D:8      | Noticed an ice devil
  8064 | D:8      | Killed an ice devil
  8065 | D:8      | Reached XP level 10. HP: 82/82 MP: 10/10
  8284 | D:8      | Noticed an ice statue
  8287 | D:8      | Killed an ice statue
  8666 | D:8      | Noticed Joseph
  8678 | D:8      | Killed Joseph
  8679 | D:8      | Reached skill level 12 in Axes
  8679 | D:8      | Reached skill level 5 in Dodging
  8867 | D:8      | Found a staircase to the Lair.
  8907 | D:8      | Found a snail-covered altar of Cheibriados.
  8927 | D:8      | Noticed an orange demon
  8960 | D:8      | Killed an orange demon
  9066 | D:8      | Noticed Amaemon
  9076 | D:8      | Killed Amaemon
  9255 | D:8      | Found Lytabrot's Antique Weapon Shoppe.
  9828 | D:8      | Reached XP level 11. HP: 63/87 MP: 11/11
  9936 | D:9      | Found Qerimiz's Antique Weapon Shoppe.
  9996 | D:9      | Found a transporter.
 10122 | D:9      | Found a runed translucent gate.
 10122 | D:9      | Found a runed translucent gate.
 10122 | D:9      | Found a runed translucent gate.
 10122 | D:9      | Noticed mandoloar's ghost (journeyman OpTm)
 10136 | D:9      | Found Anwosul's Distillery.
 10142 | D:9      | Bought 2 potions of invisibility for 224 gold pieces
 10142 | D:9      | Bought a potion of haste for 140 gold pieces
 10142 | D:9      | Bought a potion of haste for 140 gold pieces
 10142 | D:9      | Bought a potion of heal wounds for 70 gold pieces
 10411 | D:9      | Found Yraege's Antique Weapon Boutique.
 10443 | D:9      | Found a transporter.
 10600 | D:10     | Entered Level 10 of the Dungeon
 10613 | D:10     | Noticed a two-headed ogre
 10616 | D:10     | Killed a two-headed ogre
 10617 | D:10     | Reached skill level 13 in Axes
 11463 | D:10     | Found a staircase to the Orcish Mines.
 11471 | D:10     | Paralysed by a hornet for 3 turns
 12244 | D:10     | Noticed a boulder beetle
 12344 | D:10     | Found a shadowy altar of Dithmenos.
 12786 | Lair:1   | Entered Level 1 of the Lair of Beasts
 12796 | Lair:1   | Reached skill level 5 in Stealth
 13020 | Lair:1   | Noticed Grum
 13029 | Lair:1   | Killed Grum
 13042 | Lair:1   | Reached skill level 5 in Fighting
 13046 | Lair:1   | Reached XP level 12. HP: 54/100 MP: 12/12
 13184 | Lair:1   | Learned a level 2 spell: Blink
 13254 | Lair:1   | Reached skill level 14 in Axes
 13265 | Lair:1   | Found a shimmering blue altar of Sif Muna.
 15047 | Lair:2   | Noticed a six-headed hydra
 15866 | Lair:2   | Identified the +3 ring mail of Beogh's Supremacy {Harm
                  | Drain rF+ rCorr}
 16169 | Lair:2   | Killed a six-headed hydra
 16503 | Lair:2   | Found a staircase to the Shoals.
 16889 | Lair:3   | HP: 3/101 [skyshark (23)]
 16889 | Lair:3   | Slain by a skyshark

Illustrated notes

Levels and vault maps discovered:
D:1:      tarquinn_simple_flora_water_d, layout_basic, serial_shops,
          nicolae_shop_tiny_statue_garden
D:2:      layout_loops_ring
D:3:      layout_basic, serial_shops, shop, dk_vineyard_3,
          minmay_misc_feat_square, grunt_ministairs_9,
          minmay_misc_feat_more_columns
D:4:      layout_rooms, old_standard_altar, kiku_gazebo_pond_becter,
          uniq_eustachio
D:5:      layout_basic, elyvilon_altar_4
D:6:      layout_cave_pods, chequers_temple_overflow_statue_of_worship,
          minmay_temple_entry_tees, enter_ossuary_2, serial_shops,
          nicolae_square_shop, serial_co_window_serial, co_window_corner_a,
          co_window_paths_a, co_window_paths_a, co_window_paths_a,
          co_window_corner_a, co_window_of_opportunity_b, co_window_corner_b,
          co_window_corner_ca, co_window_unsneaky_path_b, co_window_4corner_b,
          co_window_paths_e, glass_columns_a, glass_columns_a, glass_columns_b,
          kennysheep_generic_room_9
D:7:      layout_basic, grunt_ministairs_15, uniq_pikel
D:8:      cheibrodos_frozen_isle, layout_loops_ring, slow_altar_1, serial_shops,
          nicolae_inconvenience_store, uniq_joseph, uniq_amaemon,
          uniq_prince_ribbit1
D:9:      layout_basic, gammafunk_ghost_spectres, serial_shops,
          nicolae_shop_statue_plus, nicolae_shop_drivethru, shop
D:10:     layout_basic, grunt_dithmenos_smoke_and_mirrors, zombieorc2_lemuel,
          grunt_ministairs_12
Temple:   dpeg_chambers_temple
Lair:1:   layout_gridlike, basic_altar, infiniplex_staircase_pool,
          grunt_megastairs_1, uniq_grum
Lair:2:   beast_lair_carwin_large_3, layout_gridlike, minmay_shoals_entry_hut,
          chequers_serial_rivers_micro_e
Lair:3:   layout_roguey, minmay_snake_entry_guardpost_small,
          gammafunk_ghost_wrathful_warriors, nicolae_lair_lil_pond,
          lemuel_fruit_tree

Skill      XL: |  1  2  3  4  5  6  7  8  9 10 11 12 |
---------------+-------------------------------------+-----
Axes           | 3 4 5 6 9 11 12 13 14 | 14.8
Dodging        | 3 4 5 6 7 |  7.7
Evocations     | 2 |  2.0
Fighting       | 3 5 |  5.8
Stealth        | 1 3 5 6 |  6.0
Ranged Weapons | |  0.7

Action                     |  1- 3 |  4- 6 |  7- 9 | 10-12 || total
---------------------------+-------+-------+-------+-------++-------
  Melee: Hand axe          |    91 |    98 |   281 |       ||   470
         Tailslap          |    16 |    20 |    53 |    52 ||   141
         Battleaxe         |       |       |    31 |   360 ||   391
   Fire: Arbalest          |       |       |    51 |   124 ||   175
    Use: Scroll            |       |     4 |    18 |     6 ||    28
         Potion            |       |       |     3 |     5 ||     8
   Stab: Sleeping          |       |       |     1 |     7 ||     8
         Distracted        |       |       |     1 |     4 ||     5
 Armour: Robe              |    24 |    27 |    65 |    94 ||   210
  Dodge: Dodged            |    61 |    84 |   272 |   377 ||   794

Table legend: (Time is in decaauts)
 A = Elapsed time spent in this place.
 B = Non-inter-level travel time spent in this place.
 C = Inter-level travel time spent in this place.
 D = Time resting spent in this place.
 E = Time spent auto-exploring this place.
 F = Levels seen in this place.
 G = Mean time per level.
                   A        B        C        D        E       F      G
               +--------+--------+--------+--------+--------+-----+--------+
         Total |  17067 |  16118 |    949 |   4642 |   7509 |  15 | 1137.8 |
       Dungeon |  12573 |  11748 |    825 |   3072 |   5761 |  10 | 1257.3 |
        Temple |     50 |     50 |      0 |      0 |      0 |   1 |   50.0 |
          Lair |   4135 |   4011 |    124 |   1569 |   1663 |   3 | 1378.3 |
       Ossuary |    307 |    307 |      0 |      0 |     85 |   1 |  307.0 |
               +--------+--------+--------+--------+--------+-----+--------+

Top non-repeatable levels by time:
  Lair:2: 2346 daAuts
    D:10: 2057 daAuts
     D:8: 1925 daAuts
     D:7: 1882 daAuts
     D:6: 1758 daAuts
  Lair:1: 1710 daAuts
     D:5: 1086 daAuts
     D:9: 891 daAuts
     D:2: 869 daAuts
     D:1: 802 daAuts
     D:4: 720 daAuts
     D:3: 579 daAuts
 Ossuary: 307 daAuts
  Lair:3: 79 daAuts
  Temple: 50 daAuts
